General information
- name: BNet
- type: Ladder team game (AT/RT)
- host: Battle.net
- saver: lIlIIlIIlIlIIlI
map: FullScaleAssault
- players: 8
- length: 33:22
- speed: Fast
- version: 1.26 W3XP
- replay type: Public
» download(235 KB)
Players
team 1 (winner)

»
DiAbLo.oFF. (
orange | 71 APM | 2380 actions | 33:22)
9 Pandaren Brewmaster
3 Breath of Fire
2 Drunken Haze
1 Storm Earth and Fire
3 Drunken Brawler
7 Priestess of the Moon
3 Trueshot Aura
3 Searing Arrows
1 Starfall
» actions
| Assign group hotkey | 37 | |
| Basic commands | 286 | |
| Build / train | 126 | |
| Enter build submenu | 41 | |
| Enter hero's abilities submenu | 16 | |
| Give item / drop item | 8 | |
| Remove unit from queue | 1 | |
| Right click | 613 | |
| Select / deselect | 565 | |
| Select group hotkey | 519 | |
| Use ability | 168 | |
2380 total
» units
| Wisp | 36 | |
| Archer | 10 | |
| Hippogryph | 7 | |
| Druid of the Talon | 2 | |
| Mountain Giant | 6 | |
| Druid of the Claw | 6 | |
| Dryad | 4 | |
| Glaive Thrower | 2 | |
73 total
» upgrades
| Strength of the Moon | 1 | |
| Strength of the Wild | 3 | |
| Well Spring | 1 | |
| Ultravision | 1 | |
| Hippogryph Taming | 1 | |
| Druid of the Talon Training | 2 | |
| Reinforced Hides | 3 | |
| Improved Bows | 1 | |
| Hardened Skin | 1 | |
| Resistant Skin | 1 | |
| Druid of the Claw Training | 2 | |
| Abolish Magic | 1 | |
18 total
» buildings
| Moon Well | 15 | |
| Ancient of War | 2 | |
| Altar of Elders | 1 | |
| Tree of Life | 4 | |
| Tree of Ages | 2 | |
| Hunter's Hall | 1 | |
| Ancient of Wind | 2 | |
| Tree of Eternity | 1 | |
| Ancient Protector | 9 | |
| Ancient of Wonders | 3 | |
| Ancient of Lore | 7 | |
47 total
» build order
00:20 Moon Well
00:37 Ancient of War
01:14 Altar of Elders
01:36 Moon Well
03:02 Tree of Life
03:17 Tree of Life
03:28 Tree of Life
03:36 Tree of Ages
04:42 Moon Well
05:39 Hunter's Hall
06:44 Ancient of Wind
06:56 Moon Well
07:16 Ancient of Wind
07:45 Tree of Eternity
08:09 Ancient Protector
08:16 Ancient of Wonders
08:29 Ancient Protector
10:12 Moon Well
10:41 Moon Well
11:08 Moon Well
12:29 Moon Well
12:32 Ancient Protector
14:05 Ancient of Lore
14:08 Ancient of Lore
14:39 Moon Well
14:39 Moon Well
14:40 Moon Well
15:16 Ancient of Lore
15:19 Ancient of Lore
18:32 Moon Well
19:28 Moon Well
20:25 Moon Well
20:51 Tree of Life
22:57 Ancient Protector
22:58 Ancient Protector
22:58 Ancient Protector
23:24 Ancient Protector
23:28 Ancient Protector
23:29 Tree of Ages
24:33 Ancient Protector
24:54 Ancient of War
25:55 Ancient of Lore
25:56 Ancient of Lore
25:57 Ancient of Lore
26:26 Ancient of Wonders
30:28 Ancient of Wonders
30:31 Moon Well
» items
| Moonstone | 3 | |
| Scroll of Town Portal | 5 | |
| Orb of Venom | 1 | |
| Periapt of Vitality | 1 | |
| Scroll of Healing | 1 | |
| Dust of Appearance | 2 | |
13 total
lIlIIlIIlIlIIlI (
yellow | 106 APM | 3539 actions | 33:22)
8 Archmage
3 Summon Water Elemental
3 Brilliance Aura
1 Mass Teleport
1 Blizzard
» actions
| Assign group hotkey | 85 | |
| Basic commands | 113 | |
| Build / train | 176 | |
| ESC pressed | 22 | |
| Enter build submenu | 67 | |
| Enter hero's abilities submenu | 8 | |
| Give item / drop item | 4 | |
| Remove unit from queue | 1 | |
| Right click | 1261 | |
| Select / deselect | 537 | |
| Select group hotkey | 1021 | |
| Use ability | 242 | |
3539 total
» units
| Peasant | 19 | |
| Footman | 12 | |
| Goblin Shredder | 2 | |
| Siege Engine | 3 | |
| Blue Dragon | 8 | |
| Gryphon Rider | 8 | |
52 total
» upgrades
| Masonry | 3 | |
| Defend | 1 | |
| Swords | 4 | |
| Plating | 3 | |
| Gunpowder | 3 | |
| Lumber Harvesting | 2 | |
| Armor | 3 | |
| Magic Sentry | 1 | |
| Sorceress Training | 2 | |
| Animal War Training | 1 | |
| Barrage | 1 | |
| Backpack | 1 | |
| Storm Hammers | 1 | |
| Cloud | 1 | |
| Flak Cannons | 1 | |
| Flying Machine Bombs | 1 | |
29 total
» buildings
| Barracks | 1 | |
| Altar of Kings | 1 | |
| Farm | 10 | |
| Arcane Vault | 1 | |
| Town Hall | 5 | |
| Lumber Mill | 1 | |
| Scout Tower | 31 | |
| Arcane Tower | 6 | |
| Guard Tower | 39 | |
| Keep | 2 | |
| Blacksmith | 2 | |
| Arcane Sanctum | 1 | |
| Castle | 3 | |
| Workshop | 4 | |
| Gryphon Aviary | 5 | |
112 total
» build order
00:09 Barracks
00:12 Altar of Kings
00:16 Farm
00:58 Farm
01:36 Arcane Vault
01:56 Farm
03:15 Farm
03:43 Town Hall
04:38 Farm
04:57 Farm
05:04 Lumber Mill
05:10 Scout Tower
05:13 Scout Tower
05:56 Arcane Tower
05:56 Arcane Tower
06:15 Guard Tower
06:33 Keep
06:49 Scout Tower
06:51 Scout Tower
06:57 Scout Tower
07:20 Guard Tower
07:20 Guard Tower
07:20 Guard Tower
07:20 Guard Tower
07:30 Blacksmith
07:37 Guard Tower
07:52 Scout Tower
07:54 Scout Tower
07:55 Scout Tower
07:57 Scout Tower
08:02 Blacksmith
08:06 Scout Tower
08:11 Scout Tower
08:26 Scout Tower
08:28 Scout Tower
08:30 Scout Tower
08:32 Scout Tower
08:37 Guard Tower
08:45 Scout Tower
08:54 Arcane Tower
08:54 Arcane Tower
08:55 Guard Tower
09:05 Guard Tower
09:05 Guard Tower
09:14 Scout Tower
09:16 Scout Tower
09:17 Guard Tower
09:17 Guard Tower
09:21 Scout Tower
09:23 Scout Tower
09:29 Guard Tower
09:30 Guard Tower
09:33 Arcane Sanctum
09:34 Castle
09:35 Castle
09:49 Guard Tower
09:49 Guard Tower
09:50 Guard Tower
09:50 Guard Tower
09:51 Guard Tower
09:55 Guard Tower
09:55 Guard Tower
11:23 Workshop
11:25 Workshop
11:26 Workshop
11:27 Workshop
11:31 Gryphon Aviary
11:32 Gryphon Aviary
11:33 Gryphon Aviary
11:57 Gryphon Aviary
12:01 Gryphon Aviary
12:24 Scout Tower
12:38 Farm
12:40 Farm
13:08 Arcane Tower
14:14 Farm
14:24 Scout Tower
14:25 Scout Tower
14:26 Scout Tower
14:26 Scout Tower
14:27 Scout Tower
14:30 Scout Tower
14:33 Scout Tower
14:35 Scout Tower
14:38 Scout Tower
14:54 Guard Tower
14:54 Guard Tower
14:54 Guard Tower
15:04 Guard Tower
15:05 Guard Tower
15:19 Guard Tower
15:31 Guard Tower
18:31 Farm
23:12 Town Hall
23:14 Town Hall
27:32 Town Hall
29:13 Town Hall
32:50 Scout Tower
» items
| Periapt of Vitality | 1 | |
| Scroll of Regeneration | 4 | |
| Scroll of Town Portal | 1 | |
| Mechanical Critter | 3 | |
| Potion of Healing | 1 | |
10 total

»
X_FRED_X (
pink | 46 APM | 1551 actions | 33:22)
7 Mountain King
3 Storm Bolt
3 Bash
1 Avatar
» actions
| Assign group hotkey | 11 | |
| Basic commands | 1 | |
| Build / train | 69 | |
| Enter build submenu | 40 | |
| Enter hero's abilities submenu | 7 | |
| Right click | 537 | |
| Select / deselect | 263 | |
| Select group hotkey | 548 | |
| Use ability | 75 | |
1551 total
» units
| Peasant | 16 | |
| Knight | 12 | |
| Spell Breaker | 3 | |
| Priest | 4 | |
35 total
» upgrades
| Lumber Harvesting | 2 | |
| Swords | 3 | |
| Plating | 3 | |
| Animal War Training | 1 | |
| Priest Training | 2 | |
| Control Magic | 1 | |
12 total
» buildings
| Farm | 16 | |
| Keep | 4 | |
| Altar of Kings | 3 | |
| Lumber Mill | 2 | |
| Castle | 4 | |
| Blacksmith | 2 | |
| Barracks | 3 | |
| Town Hall | 3 | |
| Arcane Vault | 1 | |
| Arcane Sanctum | 4 | |
| Scout Tower | 9 | |
| Guard Tower | 5 | |
56 total
» build order
00:35 Farm
01:46 Farm
02:14 Keep
02:14 Keep
02:37 Altar of Kings
02:42 Farm
03:25 Farm
03:46 Lumber Mill
04:01 Farm
04:36 Castle
04:36 Castle
04:36 Castle
04:41 Farm
05:17 Farm
05:23 Blacksmith
06:06 Farm
06:39 Barracks
06:47 Barracks
06:52 Farm
07:27 Town Hall
07:33 Farm
08:15 Arcane Vault
18:13 Arcane Sanctum
18:18 Arcane Sanctum
18:58 Arcane Sanctum
20:53 Scout Tower
20:54 Scout Tower
22:46 Town Hall
22:59 Town Hall
23:41 Keep
25:12 Guard Tower
25:31 Guard Tower
25:34 Scout Tower
25:37 Scout Tower
25:44 Scout Tower
25:45 Scout Tower
26:05 Guard Tower
26:06 Guard Tower
27:56 Altar of Kings
27:59 Farm
28:02 Farm
28:46 Altar of Kings
29:41 Farm
29:42 Farm
29:43 Farm
29:52 Scout Tower
29:54 Scout Tower
29:55 Scout Tower
30:39 Keep
30:50 Guard Tower
31:01 Lumber Mill
31:07 Blacksmith
31:11 Barracks
33:09 Arcane Sanctum
33:12 Farm
Lightofglory (
green | 21 APM | 686 actions | 33:22)
3 Paladin
2 Holy Light
1 Divine Shield
» actions
| Build / train | 28 | |
| Enter build submenu | 16 | |
| Enter hero's abilities submenu | 3 | |
| Right click | 371 | |
| Select / deselect | 238 | |
| Use ability | 30 | |
686 total
» units
| Peasant | 2 | |
| Footman | 2 | |
| Sorceress | 7 | |
| Gryphon Rider | 8 | |
19 total
» upgrades
| Sorceress Training | 2 | |
| Storm Hammers | 1 | |
3 total
» buildings
| Altar of Kings | 1 | |
| Farm | 7 | |
| Lumber Mill | 1 | |
| Keep | 1 | |
| Barracks | 1 | |
| Gryphon Aviary | 2 | |
| Arcane Sanctum | 1 | |
| Castle | 1 | |
15 total
» build order
00:07 Altar of Kings
00:09 Farm
01:12 Lumber Mill
02:23 Keep
02:39 Barracks
03:02 Farm
03:49 Farm
04:46 Gryphon Aviary
04:52 Arcane Sanctum
06:20 Castle
07:22 Gryphon Aviary
12:02 Farm
12:47 Farm
13:39 Farm
14:19 Farm
team 2 (loser)
RT[orc] (
blue | 40 APM | 1325 actions | 33:22)
4 Tauren Chieftain
2 War Stomp
2 Endurance Aura
» actions
| Assign group hotkey | 32 | |
| Build / train | 64 | |
| Enter build submenu | 23 | |
| Enter hero's abilities submenu | 4 | |
| Give item / drop item | 2 | |
| Remove unit from queue | 3 | |
| Right click | 785 | |
| Select / deselect | 280 | |
| Select group hotkey | 23 | |
| Use ability | 109 | |
1325 total
» units
| Peon | 15 | |
| Troll Headhunter/Berserker | 15 | |
| Shaman | 1 | |
| Troll Witch Doctor | 5 | |
| Crypt Fiend | 2 | |
38 total
» upgrades
| Ranged Weapons | 1 | |
| Shaman Training | 2 | |
| Witch Doctor Training | 2 | |
| Berserker Upgrade | 1 | |
6 total
» buildings
| Orc Burrow | 4 | |
| Altar of Storms | 1 | |
| War Mill | 1 | |
| Barracks | 1 | |
| Voodoo Lounge | 1 | |
| Stronghold | 1 | |
| Great Hall | 3 | |
| Watch Tower | 6 | |
| Fortress | 1 | |
| Spirit Lodge | 2 | |
21 total
» build order
00:23 Orc Burrow
00:43 Altar of Storms
01:08 War Mill
01:36 Barracks
02:24 Orc Burrow
02:32 Voodoo Lounge
03:17 Stronghold
06:10 Great Hall
07:36 Watch Tower
07:38 Watch Tower
07:49 Fortress
07:52 Orc Burrow
07:57 Spirit Lodge
08:02 Spirit Lodge
09:06 Watch Tower
09:11 Watch Tower
09:41 Watch Tower
09:47 Watch Tower
09:59 Orc Burrow
19:06 Great Hall
24:18 Great Hall
» items
| Healing Salve | 2 | |
| Lesser Clarity Potion | 4 | |
| Scroll of Speed | 1 | |
| Potion of Healing | 1 | |
| Orb of Lightning | 1 | |
| Potion of Mana | 1 | |
| Scroll of Town Portal | 1 | |
11 total
CzornyHunter (
red | 71 APM | 2318 actions | 32:49)
6 Blademaster
3 Wind Walk
2 Critical Strike
1 Bladestorm
4 Shadow Hunter
2 Hex
2 Healing Wave
» actions
| Assign group hotkey | 181 | |
| Basic commands | 6 | |
| Build / train | 76 | |
| Enter build submenu | 18 | |
| Enter hero's abilities submenu | 10 | |
| Give item / drop item | 6 | |
| Right click | 893 | |
| Select / deselect | 423 | |
| Select group hotkey | 464 | |
| Use ability | 241 | |
2318 total
» units
| Peon | 14 | |
| Troll Batrider | 23 | |
| Raider | 3 | |
40 total
» upgrades
| Ranged Weapons | 1 | |
| Armor | 1 | |
| Liquid Fire | 1 | |
| Reinforced Defenses | 1 | |
| Ensnare | 1 | |
5 total
» buildings
| Orc Burrow | 9 | |
| Altar of Storms | 1 | |
| War Mill | 1 | |
| Voodoo Lounge | 1 | |
| Great Hall | 1 | |
| Stronghold | 1 | |
| Beastiary | 5 | |
| Fortress | 1 | |
20 total
» build order
00:06 Orc Burrow
00:07 Altar of Storms
00:11 Orc Burrow
00:53 War Mill
01:05 Voodoo Lounge
01:55 Orc Burrow
02:52 Great Hall
03:43 Stronghold
03:46 Orc Burrow
04:20 Orc Burrow
06:40 Beastiary
06:42 Beastiary
06:43 Beastiary
06:45 Beastiary
06:57 Beastiary
07:37 Fortress
12:29 Orc Burrow
12:31 Orc Burrow
14:22 Orc Burrow
16:09 Orc Burrow
» items
| Lesser Clarity Potion | 4 | |
| Healing Salve | 4 | |
| Boots of Speed | 1 | |
| Staff of Teleportation | 1 | |
| Potion of Mana | 2 | |
| Potion of Healing | 2 | |
| Orb of Lightning | 1 | |
| Scroll of Town Portal | 2 | |
17 total

»
oiqwuertfjsdfli (
teal | 45 APM | 1502 actions | 33:04)
6 Death Knight
2 Death Coil
2 Unholy Aura
1 Death Pact
1 Animate Dead
» actions
| Assign group hotkey | 28 | |
| Build / train | 63 | |
| Enter build submenu | 34 | |
| Enter hero's abilities submenu | 6 | |
| Give item / drop item | 4 | |
| Remove unit from queue | 3 | |
| Right click | 423 | |
| Select / deselect | 433 | |
| Select group hotkey | 451 | |
| Use ability | 57 | |
1502 total
» units
| Acolyte | 7 | |
| Ghoul | 3 | |
| Crypt Fiend | 18 | |
| Goblin Shredder | 1 | |
| Gargoyle | 2 | |
31 total
» upgrades
| Creature Attack | 3 | |
| Creature Carapace | 2 | |
| Web | 1 | |
6 total
» buildings
| Crypt | 6 | |
| Ziggurat | 19 | |
| Graveyard | 2 | |
| Altar of Darkness | 2 | |
| Tomb of Relics | 1 | |
| Necropolis | 2 | |
| Halls of the Dead | 1 | |
| Spirit Tower | 6 | |
| Black Citadel | 1 | |
40 total
» build order
00:14 Crypt
00:19 Ziggurat
00:55 Graveyard
01:03 Altar of Darkness
01:17 Ziggurat
01:54 Tomb of Relics
04:54 Necropolis
05:01 Halls of the Dead
06:01 Ziggurat
06:05 Ziggurat
07:05 Crypt
07:09 Ziggurat
07:10 Ziggurat
11:28 Ziggurat
11:32 Ziggurat
11:34 Ziggurat
11:37 Ziggurat
12:01 Spirit Tower
12:23 Spirit Tower
12:32 Spirit Tower
12:48 Spirit Tower
13:44 Spirit Tower
13:56 Crypt
14:26 Ziggurat
14:29 Ziggurat
16:15 Black Citadel
19:58 Ziggurat
20:00 Ziggurat
20:02 Ziggurat
22:38 Necropolis
24:56 Ziggurat
25:00 Ziggurat
25:04 Crypt
25:07 Crypt
25:29 Graveyard
25:34 Ziggurat
25:36 Ziggurat
25:50 Altar of Darkness
27:19 Spirit Tower
29:31 Crypt
» items
| Rod of Necromancy | 1 | |
| Sacrificial Skull | 1 | |
| Lesser Clarity Potion | 2 | |
| Potion of Healing | 1 | |
| Scroll of Town Portal | 2 | |
| Orb of Lightning | 1 | |
8 total

»
mahulenA (
purple | 40 APM | 1335 actions | 33:16)
7 Blademaster
3 Wind Walk
3 Critical Strike
1 Bladestorm
6 Shadow Hunter
3 Healing Wave
2 Hex
1 Big Bad Voodoo
» actions
| Basic commands | 21 | |
| Build / train | 86 | |
| Enter build submenu | 18 | |
| Enter hero's abilities submenu | 13 | |
| Give item / drop item | 4 | |
| Remove unit from queue | 2 | |
| Right click | 722 | |
| Select / deselect | 381 | |
| Use ability | 88 | |
1335 total
» units
| Peon | 26 | |
| Goblin Zeppelin | 1 | |
| Tauren | 9 | |
| Shaman | 11 | |
47 total
» upgrades
| Melee Weapons | 3 | |
| Shaman Training | 2 | |
| Armor | 3 | |
| Pulverize | 1 | |
9 total
» buildings
| Altar of Storms | 1 | |
| Orc Burrow | 8 | |
| Voodoo Lounge | 1 | |
| Stronghold | 1 | |
| War Mill | 1 | |
| Spirit Lodge | 1 | |
| Fortress | 1 | |
| Great Hall | 2 | |
| Tauren Totem | 2 | |
18 total
» build order
00:19 Altar of Storms
00:23 Orc Burrow
00:48 Voodoo Lounge
01:55 Orc Burrow
03:35 Stronghold
03:49 War Mill
04:55 Orc Burrow
06:04 Spirit Lodge
06:09 Fortress
06:45 Orc Burrow
06:46 Orc Burrow
09:30 Great Hall
09:37 Tauren Totem
09:39 Tauren Totem
09:43 Orc Burrow
10:38 Orc Burrow
16:11 Orc Burrow
26:38 Great Hall
» items
| Healing Salve | 2 | |
| Lesser Clarity Potion | 3 | |
| Scroll of Speed | 2 | |
| Orb of Lightning | 1 | |
| Scroll of Town Portal | 2 | |
| Potion of Mana | 1 | |
11 total
Chat log
(00:26 / Allies) Lightofglory: sorcers n gryphs
(00:33 / Allies) lIlIIlIIlIlIIlI: flying machines
(00:39 / Allies) lIlIIlIIlIlIIlI: and early footies
(01:29 / Allies) DiAbLo.oFF.: exe
(01:38 / Allies) lIlIIlIIlIlIIlI: executable?
(01:48 / Allies) DiAbLo.oFF.: lo
(01:57 / Allies) Lightofglory: wtt my 100g for 100 lumber
(01:59 / Allies) Lightofglory: pls
(02:28 / Allies) X_FRED_X: dont need gold
(03:52 / Allies) DiAbLo.oFF.: just heal
(05:27 / Allies) DiAbLo.oFF.: ]with pink
(05:32 / Allies) X_FRED_X: ?
(07:58 / Allies) X_FRED_X: mas knights over here
(14:18 / Allies) X_FRED_X: rdyß
(14:20 / Allies) X_FRED_X: ?
(14:50 / Allies) lIlIIlIIlIlIIlI: making tanks
(16:44 / Allies) DiAbLo.oFF.: repair
(18:14 / Allies) DiAbLo.oFF.: b
(21:01 / Allies) X_FRED_X: help
(21:02 / Allies) X_FRED_X: help
(21:04 / Allies) X_FRED_X: help
(21:15 / Allies) Lightofglory: we should jsut6 zerg
(21:17 / Allies) Lightofglory: we have tanks#
(28:10 / All) lIlIIlIIlIlIIlI: you gonna lose all your buildings bros
(28:15 / All) CzornyHunter: hahaha
(28:17 / All) CzornyHunter: no man :)
(30:08 / All) lIlIIlIIlIlIIlI: nice dk micro
(30:26 / All) lIlIIlIIlIlIIlI: you gonna lose all your buildings bros!
(31:16 / All) lIlIIlIIlIlIIlI: and all your tauren
(31:40 / All) lIlIIlIIlIlIIlI: your base again!
(31:47 / All) CzornyHunter: shut up yellow
(31:49 / All) lIlIIlIIlIlIIlI: run back to save it!
(31:57 / All) lIlIIlIIlIlIIlI: save your beastiaries bro!
(33:06 / All) lIlIIlIIlIlIIlI: lol
(33:09 / All) lIlIIlIIlIlIIlI: watch your base!
(33:09 / All) DiAbLo.oFF.: haha]